 Dungeon Crawl Stone Soup version 0.27-a0-1590-g15f69828bf (webtiles) character file.

Game seed: 18251607313261027288

109 Sin92 the Skirmisher (level 4, 0/35 HPs)
             Began as a Demonspawn Fighter on July 18, 2021.
             Slain by a gnoll (6 damage)
             ... on level 3 of the Dungeon.
             The game lasted 00:01:45 (1856 turns).

Sin92 the Skirmisher (Demonspawn Fighter)           Turns: 1856, Time: 00:01:46

Health: 0/35       AC:  9    Str: 17    XL:     4   Next: 60%
Magic:  4/4        EV:  5    Int: 10    God:
Gold:   89         SH:  9    Dex: 12    Spells: 3/3 levels left

rFire    . . .     SeeInvis .   a - +0 war axe
rCold    . . .     Faith    .   c - +0 kite shield
rNeg     . . .     Spirit   .   n - +0 chain mail
rPois    .         Reflect  .   (helmet restricted)
rElec    .         Harm     .   (no cloak)
rCorr    .         Rampage  .   (no gloves)
Will     .....                  (no boots)
Stlth    ..........             (no amulet)
HPRegen  2.11/turn              (no ring)
MPRegen  0.09/turn              (no ring)

@: mighty
A: horns 1, foul stench 1, powered by death 1
a: no special abilities


You were on level 3 of the Dungeon.
You visited 1 branch of the dungeon, and saw 3 of its levels.

You collected 89 gold pieces.

Inventory:

Hand Weapons
 a - a +0 war axe (weapon)
Armour
 b - a +0 scale mail
 c - a +0 kite shield (worn)
 n - a +0 chain mail (worn)
Jewellery
 j - an amulet of regeneration
 l - a ring of see invisible
Scrolls
 g - a scroll of acquirement {unknown}
 h - a scroll of enchant armour {unknown}
Potions
 e - 2 potions of resistance
 f - a potion of invisibility {unknown}
 i - a potion of curing {unknown}
 k - 3 potions of heal wounds {unknown}
 m - 2 potions of degeneration {unknown}
 o - a potion of brilliance {unknown}


   Skills:
 + Level 3.5 Fighting
 * Level 2.8 Axes
 + Level 3.2 Armour
 + Level 1.2 Dodging
 + Level 3.1 Shields


You had 3 spell levels left.
You didn't know any spells.
Your spell library was empty.

Dungeon Overview and Level Annotations

Branches:
Dungeon (3/15)

Altars:


Innate Abilities, Weirdness & Mutations

You have a pair of small horns on your head.
You may rarely emit foul miasma when damaged in melee.
You regenerate a little health from kills.


Message History

You kill the jackal!
You block the gnoll's attack. The gnoll hits you but does no damage.
The gnoll barely misses you. The jackal completely misses you.
You closely miss the jackal.
The jackal bites you but does no damage.
The gnoll hits you from afar with a +0 spear.
You block the gnoll's attack. The gnoll hits you but does no damage.
The jackal bites you but does no damage.
The gnoll hits you from afar with a +0 spear.
Your shield and chain mail prevent you from hitting the jackal.
Your headbutt misses the jackal.
The jackal bites you but does no damage.
The gnoll hits you from afar with a +0 spear!
You block the gnoll's attack. The jackal barely misses you.
You closely miss the jackal.
The jackal bites you but does no damage.
The gnoll hits you from afar with a +0 spear.
The gnoll hits you but does no damage. The jackal barely misses you.
You block the gnoll's attack. x2
You barely miss the jackal. You headbutt the jackal.
You kill the jackal!
You block the gnoll's attack. x2; The gnoll hits you but does no damage.
You hit the gnoll.
The gnoll is moderately wounded.
The gnoll hits you but does no damage. x2; The gnoll hits you with a +0 club.
The gnoll hits you from afar with a +0 spear. x2
* * * LOW HITPOINT WARNING * * *
The gnoll hits you but does no damage.
You slash the gnoll!
You kill the gnoll!
The gnoll hits you but does no damage.
The gnoll hits you from afar with a +0 spear.
* * * LOW HITPOINT WARNING * * *
You block the gnoll's attack.
The gnoll hits you from afar with a +0 spear.
* * * LOW HITPOINT WARNING * * *
You slash the gnoll!
You kill the gnoll!
The gnoll hits you from afar with a +0 spear.
You die...

#..##=#
#..##.### .
#.......# #
#.#.......##.#
..............#
............####
..>.#.(..gg.#
....#..##)###
....#..##@#
....#..##.####
..#..........#
..........##.#
#.#####.### #
#.# #.# #.# #.#


You could see 2 gnolls.

Vanquished Creatures
  An iguana (D:3)
  2 gnolls (D:3)
  2 adders (D:2)
  A worm (D:2)
  4 ball pythons
  5 bats
  8 endoplasms
  6 hobgoblins
  2 jackals (D:3)
  A quokka (D:2)
  A frilled lizard (D:3)
  6 goblins
  3 kobolds
  9 rats
51 creatures vanquished.

Vanquished Creatures (others)
  15 plants (D:1)
15 creatures vanquished.

Grand Total: 66 creatures vanquished

Notes
Turn   | Place    | Note
-------+----------+-------------------------------------------
     0 | D:1      | Sin92 the Demonspawn Fighter began the quest for the Orb.
     0 | D:1      | Reached XP level 1. HP: 18/18 MP: 1/1
   237 | D:1      | Gained mutation: You regenerate a little health from kills.
                  | [demonic ancestry]
   237 | D:1      | Reached XP level 2. HP: 24/24 MP: 2/2
   758 | D:1      | Gained mutation: You may rarely emit foul miasma when
                  | damaged in melee. [demonic ancestry]
   758 | D:1      | Reached XP level 3. HP: 28/29 MP: 3/3
  1181 | D:2      | Reached skill level 1 in Dodging
  1463 | D:2      | Found a faded altar of an unknown god.
  1742 | D:3      | Gained mutation: You have a pair of small horns on your
                  | head. [demonic ancestry]
  1742 | D:3      | Reached XP level 4. HP: 35/35 MP: 4/4
  1856 | D:3      | Slain by a gnoll

Illustrated notes

Levels and vault maps discovered:
D:1:      amcnicky_arrival_single_pillar, layout_loops_ring,
          serial_bayou_lagoon_a, minmay_pentomino_s2
D:2:      layout_basic, basic_ecumenical_altar
D:3:      layout_loops_ring, patterned_corridor, uniq_jessica

Skill      XL: |  1  2  3 |
---------------+----------+-----
Axes           | 2 |  2.8
Armour         | 3 |  3.2
Shields        | 3 |  3.1
Dodging        | 1 |  1.2
Fighting       | |  3.5

Action                   |  1- 3 |  4- 6 || total
-------------------------+-------+-------++-------
Melee: War axe           |   120 |    24 ||   144
       Headbutt          |       |     2 ||     2
  Use: Scroll            |     1 |       ||     1
       Potion            |       |     1 ||     1
Armor: Scale mail        |    47 |       ||    47
       Chain mail        |     5 |    29 ||    34
Dodge: Dodged            |    30 |    12 ||    42
Block: Kite shield       |    53 |    17 ||    70

Table legend: (Time is in decaauts)
 A = Elapsed time spent in this place.
 B = Non-inter-level travel time spent in this place.
 C = Inter-level travel time spent in this place.
 D = Time resting spent in this place.
 E = Time spent auto-exploring this place.
 F = Levels seen in this place.
 G = Mean time per level.
                   A        B        C        D        E       F      G
               +--------+--------+--------+--------+--------+-----+--------+
         Total |   1952 |   1839 |    113 |      0 |   1456 |   3 |  650.7 |
       Dungeon |   1952 |   1839 |    113 |      0 |   1456 |   3 |  650.7 |
               +--------+--------+--------+--------+--------+-----+--------+

Top non-repeatable levels by time:
     D:1: 964 daAuts
     D:2: 850 daAuts
     D:3: 137 daAuts
